 Dungeon Crawl Stone Soup version 0.19-a0 (webtiles) character file.

195338 namelastname112 the Lord of Darkness (level 17, -1/150 HPs)
             Began as a Grey Draconian Necromancer on Apr 27, 2016.
             Was the Champion of Kikubaaqudgha.
             Shot with an arrow by a deep elf master archer (30 damage)
             ... on level 3 of the Elven Halls.
             The game lasted 02:02:18 (40808 turns).

namelastname112 the Lord of Darkness (DrNe)        Turns: 40808, Time: 02:02:19

Health: -1/150     AC: 22    Str:  6    XL:     17   Next: 70%
Magic:  13/33      EV: 24    Int: 35    God:    Kikubaaqudgha [******]
Gold:   336        SH:  9    Dex: 20    Spells: 10 memorised, 12 levels left

rFire  . . .     SeeInvis +     U - +2 scimitar (elec)
rCold  . . .     Gourm    +     (armour unavailable)
rNeg   . . .     Faith    .     t - +3 buckler of the Failed Coup {MR+ SInv}
rPois  .         Spirit   .     (helmet restricted)
rElec  .         Dismiss  .     S - +2 cloak {MR+}
rCorr  .         Reflect  .     R - +0 pair of gloves
SustAt .         Harm     .     T - +2 pair of boots {Fly}
MR     +++..     Clarity  +     q - amulet of the gourmand
Stlth  ++........               K - ring of Xom's Wantonness {Int+3 Slay+6 SInv}
                                p - ring "Leeclex" {Int+10 Dex+5}

@: lethally poisoned (-1 -> -1), flying, regenerating (expiring), studying 2
skills, extremely resistant to hostile enchantments, unstealthy
A: walk through water, unfitting armour, big wings, hooves 1, horns 2, clarity,
clever 1, shaggy fur 1, weak 2, unbreathing, cold-blooded, MP-powered wands, AC
+14
a: Stop Flying, Receive Corpses, Torment, Brand Weapon With Pain, Receive
Necronomicon, Renounce Religion
}: 1/15 runes: barnacled


You were on level 3 of the Elven Halls.
You worshipped Kikubaaqudgha.
Kikubaaqudgha was exalted by your worship.
You were not hungry.

You visited 6 branches of the dungeon, and saw 33 of its levels.
You visited 1 bazaar.
You also visited: Labyrinth, Ossuary and Ice Cave.

You collected 3523 gold pieces.
You spent 3187 gold pieces at shops.

Inventory:

Hand Weapons
 U - a +2 scimitar of electrocution (weapon)
 Z - a +0 blowgun
Missiles
 u - 22 curare-tipped needles
Armour
 t - the +3 buckler of the Failed Coup (worn) {MR+ SInv}
   (You bought it in a shop in a bazaar)

   It affects your resistance to hostile enchantments.
   It lets you see invisible.
 R - a +0 pair of gloves (worn)
 S - a +2 cloak of magic resistance (worn)
 T - a +2 pair of boots of flying (worn)
Magical Staves
 O - an uncursed staff of wizardry
Jewellery
 p - the ring "Leeclex" (left hand) {Int+10 Dex+5}
   (You found it on level 2 of the Lair of Beasts)

   [ring of dexterity]

   It affects your intelligence (+10).
   It affects your dexterity (+5).
 q - an amulet of the gourmand (around neck)
 K - the ring of Xom's Wantonness (right hand) {Int+3 Slay+6 SInv}
   (You took it off an orc on level 14 of the Dungeon)

   [ring of slaying]

   It affects your intelligence (+3).
   It affects your accuracy and damage with ranged weapons and melee attacks
   (+6).
   It lets you see invisible.
Wands
 y - a wand of iceblast (2/15)
 z - a wand of teleportation (5/9)
 A - a wand of teleportation (6/9)
 B - a wand of digging (12/24)
 F - a wand of disintegration (1/24)
 P - a wand of iceblast (6/15)
 V - a wand of iceblast (0/15)
 X - a wand of disintegration (15/24)
Scrolls
 a - 2 scrolls of magic mapping
 f - 7 scrolls of recharging
 h - 6 scrolls of amnesia
 j - 4 scrolls of fear
 l - 6 scrolls of fog
 m - 13 scrolls of identify
 s - 11 scrolls of teleportation
 w - 11 scrolls of remove curse
 x - 3 scrolls of blinking
 J - 2 scrolls of torment
 L - 2 scrolls of summoning
Potions
 n - 3 potions of heal wounds
 o - a potion of cancellation
 r - 14 potions of curing
 v - 3 potions of brilliance
 D - 2 potions of berserk rage
 E - 5 potions of agility
 H - 4 potions of invisibility
 I - 2 potions of haste
 N - 2 potions of ambrosia
 Q - a potion of might
Books
 e - a manual of Dodging
 C - a manual of Ice Magic
 Y - a manual of Ice Magic
Miscellaneous
 G - a legendary deck of defence {drawn: 4}
Comestibles
 b - 26 bread rations
 c - 29 beef jerkies
 g - 33 fruits
 i - 5 slices of pizza
 k - 14 meat rations


   Skills:
 + Level 13.4 Fighting
 * Level 13.9 Long Blades
 + Level 12.8 Dodging
 - Level 1.7 Stealth
 - Level 4.0 Shields
 + Level 12.0 Spellcasting
 * Level 16.8 Necromancy
 + Level 12.8 Ice Magic


You had 12 spell levels left.
You knew the following spells:

 Your Spells              Type           Power        Failure   Level  Hunger
a - Animate Skeleton      Necr           N/A          0%          1    None
b - Animate Dead          Necr           N/A          1%          4    None
c - Dispel Undead         Necr           #######.     1%          5    None
d - Regeneration          Chrm/Necr      ######....   1%          3    None
e - Apportation           Tloc           ###.......   1%          1    None
f - Simulacrum            Ice/Necr       #######...   1%          6    ####...
s - Vampiric Draining     Necr           #######...   0%          3    None
v - Sublimation of Blood  Necr           #######...   0%          2    None
x - Blink                 Tloc           N/A          2%          2    None
z - Pain                  Necr           ####         0%          1    None


Dungeon Overview and Level Annotations

Branches:
Dungeon (15/15)            Temple (1/1) D:7            Lair (8/8) D:11
 Shoals (4/4) Lair:5       Spider (0/4) Lair:4        Slime (0/6) Lair:7
    Orc (2/2) D:10            Elf (3/3) Orc:2        Vaults (0/5) D:14
 Depths (0/5) D:15

Altars:
Ashenzari
Cheibriados
Dithmenos
Elyvilon
Fedhas
Kikubaaqudgha
Makhleb
Nemelex Xobeh
Okawaru
Pakellas
Qazlal
Ru
Trog
Xom
Yredelemnul
Zin
The Shining One
Jiyva
Lugonu

Shops:
D:6 *?:%?   Orc:1 =   Orc:2 =!::   Elf:2 *   Elf:3 :   Shoals:1 =[:((

Portals:
Abyss: D:11

Annotations:
Elf:2 3 runed doors


Innate Abilities, Weirdness & Mutations

You can walk through water.
Your dull iron-grey scales are very hard (AC +14).
Your body does not fit into most forms of armour.
You can survive without breathing.
You are cold-blooded and may be slowed by cold attacks.
Your large and strong wings let you fly indefinitely.
You have large cloven feet.
You have a pair of horns on your head.
You possess an exceptional clarity of mind.
Your mind is acute. (Int +2)
You are covered in fur (AC +1).
You are very weak. (Str -4)
You expend magic power (3 MP) to strengthen your wands.


Message History

Aim: a deep elf master archer, wielding a longbow and wearing a leather armour (moderately wounded)
The deep elf master archer is heavily wounded.
You feel life coursing into your body.
You feel sick.
You hear a loud twanging sound.
The deep elf master archer shoots an arrow.
The arrow hits you!!!
* * * LOW HITPOINT WARNING * * *
You take 33 damage, and have 40/150 hp.
MASSIVE DAMAGE!!
You now have 13/33 mp.
Drink which item? (? for menu, Esc to quit)
You feel much better.
Your skin is crawling a little less now.
You hear a loud twanging sound.
The deep elf master archer shoots an arrow.
The arrow hits you!!!
* * * LOW HITPOINT WARNING * * *
You hear a loud twanging sound.
The deep elf master archer shoots an arrow.
The arrow hits you!!
You die...
Kikubaaqudgha rasps: "You have failed me!
Welcome... death!"

**,,,,*,..e...###......,*,,,
**,,,**...........Z...**,,,
***,,*#..........Zp.#*,,**
**,,#..........Z..#,,**
*****#......Z..#*****
*#...(...#* ####.####
##e#(.# #@#(.## ####.##
##..# #..e# #..#.# ##e###
#..## #########...#
#...........# ###


You could see a deep elf master archer.

Vanquished Creatures
  A sphinx (D:13)
  Roxanne (Elf:2)
  Ilsuiw (Shoals:4)
  3 deep elf sorcerers (Elf:3)
  2 orc warlords
  Louise (Shoals:2)
  2 deep elf annihilators
  A deep elf demonologist (Elf:2)
  2 merfolk javelineers (Shoals:4)
  3 merfolk impalers
  Josephine (Orc:2)
  6 vault guards
  A minotaur (Lab)
  2 deep elf high priests (Elf:3)
  The ghost of Yehuk the Fighter, a journeyman DsMo of Ashenzari (D:10)
  A merfolk avatar (Shoals:4)
  A death knight (D:11)
  5 centaur warriors
  A satyr (Shoals:4)
  2 merfolk aquamancers (Shoals:4)
  4 death yaks
  16 dancing weapons
  4 orc high priests
  9 deep elf knights
  Sonja (Orc:2)
  3 skeletal warriors (D:11)
  5 sea snakes
  7 hill giants
  9 harpies
  8 deep elf archers
  38 deep elf magi
  A wizard (Elf:1)
  2 orc knights
  A necromancer (IceCv)
  2 wolf spiders (Lair:8)
  6 griffons
  3 ugly things
  6 cyclopes
  9 orc sorcerers
  3 sirens
  7 manticores
  A rust devil (D:11)
  5 elephants (Lair:5)
  A torpor snail (Lair:8)
  A black mamba (shapeshifter) (Elf:3)
  Maurice (D:8)
  3 centaur zombies
  7 black mambas
  Psyche (D:8)
  3 water nymphs
  7 spiny frogs
  An ice statue (IceCv)
  3 orange demons (D:11)
  2 gargoyles
  2 kobold demonologists
  2 rime drakes
  10 freezing wraiths (IceCv)
  8 komodo dragons
  2 trolls
  9 merfolk
  A jumping spider (shapeshifter) (Elf:1)
  8 polar bears (Lair:8)
  A raiju (Lair:8)
  2 wolf spider simulacra (IceCv)
  3 two-headed ogres
  A wind drake (Shoals:4)
  13 blink frogs
  3 snapping turtles
  2 slime creatures (D:13)
  Sigmund (D:6)
  2 air elementals
  5 wraiths (Orc:2)
  A spriggan (D:7)
  A redback (Lab)
  3 basilisks
  9 water elementals
  6 wyverns (Lair:8)
  10 hungry ghosts
  26 yaks
  11 hippogriffs
  A vampire (D:12)
  6 vampire mosquitoes
  Eustachio (D:5)
  10 wargs
  A naga (Lair:6)
  Menkaure (D:4)
  A mottled dragon (D:14)
  2 soldier ants
  Edmund (D:6)
  15 water moccasins
  4 hell hounds (Lair:8)
  3 porcupines (Lair:7)
  6 sky beasts
  4 slaves (D:4)
  7 black bears
  33 orc warriors
  4 wasps
  5 boggarts
  10 ice beasts
  15 ogres
  4 necrophages
  4 phantoms
  An alligator simulacrum (IceCv)
  8 wolves
  13 centaurs
  11 crocodiles
  An elf zombie (D:7)
  Blork the orc (D:4)
  9 big kobolds
  15 giant frogs
  An elf skeleton (D:7)
  An earth elemental (Elf:2)
  2 scorpions (D:7)
  20 killer bees
  An elephant simulacrum (IceCv)
  2 howler monkeys (D:14)
  4 wights
  6 crimson imps
  4 draconian simulacra (IceCv)
  36 orc wizards
  16 hounds
  6 jellies
  5 centaur skeletons
  21 orc priests
  2 giant frog skeletons
  5 iron imps (D:11)
  Jessica (D:2)
  A human skeleton (D:7)
  5 iguanas
  2 troll simulacra (IceCv)
  18 worker ants
  3 spriggan simulacra (IceCv)
  A killer bee zombie (D:8)
  24 sheep
  3 centaur simulacra (IceCv)
  3 hound skeletons
  A howler monkey zombie (D:11)
  12 mummies (Ossuary)
  3 ogre simulacra (IceCv)
  12 adders
  3 naga simulacra (IceCv)
  38 river rats
  4 shadow imps
  12 white imps (IceCv)
  2 oozes
  2 adder zombies
  5 worms
  6 dart slugs
  7 giant geckos
  68 orcs
  2 ball pythons
  8 giant cockroaches
  5 goblins
  12 hobgoblins
  13 jackals
  4 quokkas
  6 bats
  5 giant newts
  2 gnoll skeletons (Ossuary)
  A goblin skeleton (Ossuary)
  8 kobolds
  2 kobold skeletons (Ossuary)
  6 orc skeletons
  A quokka skeleton (D:6)
  6 rats
  11 rat skeletons (Ossuary)
  A bush (Lair:6)
  A plant (Shoals:4)
1019 creatures vanquished.

Vanquished Creatures (collateral kills)
  Polyphemus (Shoals:2)
  A frost giant (Shoals:4)
  2 merfolk javelineers (Shoals:4)
  2 vault guards
  9 merfolk impalers (Shoals:4)
  6 hydras
  2 merfolk avatars
  A catoblepas (Shoals:2)
  2 alligator snapping turtles (Shoals:2)
  5 merfolk aquamancers
  A satyr (Shoals:3)
  7 death yaks
  5 sea snakes
  A hill giant (D:13)
  A deep elf archer (Elf:2)
  Pikel (D:4)
  An orc sorcerer (Orc:2)
  6 manticores
  A wolf spider (Lair:4)
  5 fauns
  4 harpies
  A griffon (Shoals:2)
  4 deep elf magi
  An ugly thing (D:11)
  5 sirens
  A guardian serpent (Lair:8)
  3 black mambas (Lair:8)
  5 spiny frogs
  A torpor snail (Lair:4)
  2 komodo dragons
  22 merfolk
  A raiju (Lair:8)
  3 wind drakes
  4 blink frogs
  A slime creature (D:13)
  3 snapping turtles
  13 water elementals
  2 redbacks (Lair:4)
  A wyvern (Lair:8)
  6 yaks (Lair:8)
  2 hippogriffs
  A vampire mosquito (D:12)
  A steam dragon (Lair:8)
  10 water moccasins
  3 wargs (Lair:8)
  2 hell hounds (Lair:8)
  3 porcupines
  3 swamp drakes (Lair:8)
  4 orc warriors
  7 black bears (Lair:8)
  A necrophage (D:8)
  A wasp (Lair:8)
  3 ogres
  4 wolves
  4 centaurs
  8 crocodiles
  3 giant frogs
  A wight (D:6)
  A giant frog zombie (D:12)
  4 orc priests
  2 orc wizards (Orc:1)
  4 hounds (Lair:8)
  2 iguanas
  A troll simulacrum (IceCv)
  6 worker ants
  12 sheep
  A hound zombie (D:8)
  A hound skeleton (D:6)
  4 adders (Lair:8)
  An ogre simulacrum (IceCv)
  14 river rats
  A white imp (D:6)
  13 orcs
  4 jackals (Lair:8)
  A kobold (D:10)
  A quokka (D:12)
  A giant newt (D:1)
  A bush (Lair:6)
  16 fungi
  55 plants
350 creatures vanquished.

Vanquished Creatures (others)
  An eldritch tentacle (Lair:7)
  A deep elf elementalist (Elf:3)
  Erolcha (D:8)
  A dancing weapon (Elf:1)
  A deep elf knight (Elf:3)
  A deep elf mage (Elf:3)
  A water elemental (Elf:3)
  A wolf (Lair:8)
  An orc wizard (Orc:2)
  A worker ant (D:7)
  An orc (Orc:2)
  76 eldritch tentacle segments (Lair:7)
  10 fungi
  14 plants
111 creatures vanquished.

Grand Total: 1480 creatures vanquished

Notes
Turn   | Place    | Note
--------------------------------------------------------------
     0 | D:1      | namelastname112 the Draconian Necromancer began the quest for the Orb.
     0 | D:1      | Reached XP level 1. HP: 14/14 MP: 3/3
    52 | D:1      | Learned a level 1 spell: Animate Skeleton
   391 | D:1      | Reached XP level 2. HP: 19/20 MP: 1/5
   825 | D:1      | Reached XP level 3. HP: 21/27 MP: 4/6
   830 | D:1      | Learned a level 3 spell: Vampiric Draining
   886 | D:1      | Reached skill level 1 in Fighting
  1376 | D:2      | Found a sacrificial altar of Ru.
  1577 | D:2      | Noticed Jessica
  1582 | D:2      | Killed Jessica
  1582 | D:2      | Reached XP level 4. HP: 31/36 MP: 1/7
  2573 | D:3      | Reached skill level 5 in Necromancy
  2644 | D:3      | Found a sparkling altar of Nemelex Xobeh.
  2644 | D:3      | Found a shattered altar of Ashenzari.
  3097 | D:3      | Reached XP level 5. HP: 41/42 MP: 6/9
  3167 | D:4      | Noticed Blork the orc
  3185 | D:4      | Killed Blork the orc
  3474 | D:4      | Reached XP level 6. HP: 11/50 MP: 1/10
  3626 | D:4      | Learned a level 3 spell: Regeneration
  3768 | D:4      | Noticed Menkaure
  3787 | D:4      | Killed Menkaure
  3787 | D:4      | Reached skill level 6 in Necromancy
  3869 | D:4      | Your scales start taking on a dull iron-grey colour.
  3869 | D:4      | Reached XP level 7. HP: 34/57 MP: 9/12
  3869 | D:4      | Gained mutation: You can survive without breathing. [Grey Draconian growth]
  3934 | D:4      | Noticed Pikel
  4041 | D:4      | Killed Pikel
  4041 | D:4      | Reached skill level 7 in Necromancy
  4312 | D:4      | Found a stormy altar of Qazlal.
  4532 | D:5      | Entered Level 5 of the Dungeon
  4733 | D:5      | Reached XP level 8. HP: 42/67 MP: 12/14
  5321 | D:6      | Noticed Eustachio
  5354 | D:5      | Killed Eustachio
  5576 | D:6      | Reached skill level 5 in Fighting
  5589 | D:6      | Noticed Sigmund
  5620 | D:5      | Gained mutation: Your large and strong wings let you fly indefinitely. [mutagenic meat]
  5621 | D:5      | Gained mutation: You expend magic power (3 MP) to strengthen your wands. [mutagenic meat]
  5622 | D:5      | Gained mutation: Your mind is acute. (Int +2) [mutagenic meat]
  5623 | D:5      | Gained mutation: You are weak. (Str -2) [mutagenic meat]
  5874 | D:6      | Killed Sigmund
  5874 | D:6      | Reached skill level 1 in Long Blades
  5960 | D:6      | Found Jatod's Food Shop.
  5962 | D:6      | Found a shimmering altar of Xom.
  5996 | D:6      | Reached skill level 8 in Necromancy
  6123 | D:6      | Found Gummaur's Book Shop.
  6217 | D:6      | Found Micso's Magic Scroll Boutique.
  6243 | D:6      | Bought a scroll of blinking for 82 gold pieces
  6274 | D:6      | Found Maudosmu's General Store.
  6356 | D:6      | Reached skill level 5 in Spellcasting
  6367 | D:6      | Reached XP level 9. HP: 70/74 MP: 4/16
  6368 | D:6      | Gained mutation: You have a pair of small horns on your head. [mutagenic meat]
  6369 | D:6      | Gained mutation: You have a pair of horns on your head. [mutagenic meat]
  6409 | D:6      | Noticed Edmund
  6427 | D:6      | Killed Edmund
  6472 | D:6      | Found Eraidui's Magic Scroll Boutique.
  6477 | D:6      | Bought a scroll of blinking for 75 gold pieces
  6722 | D:7      | Reached skill level 5 in Dodging
  6750 | D:7      | Learned a level 4 spell: Animate Dead
  6828 | D:7      | Found a sand-covered staircase.
  6834 | Ossuary  | Entered an ossuary
  7596 | D:7      | Reached skill level 9 in Necromancy
  7815 | D:7      | Found a staircase to the Ecumenical Temple.
  7824 | Temple   | Entered the Ecumenical Temple
  7887 | Temple   | Became a worshipper of Kikubaaqudgha
  8344 | D:8      | Killed Erolcha
  8484 | D:8      | Reached skill level 5 in Long Blades
  8577 | D:8      | Reached XP level 10. HP: 80/84 MP: 18/18
  8602 | D:8      | Reached * piety under Kikubaaqudgha
  8602 | D:8      | Received a gift from Kikubaaqudgha
  8607 | D:8      | jacquesderrida: welcome to nameer
  8622 | D:8      | Identified Kikubaaqudgha's Disquisition on Dark Rites (Kikubaaqudgha gifted it to you on level 8 of the Dungeon)
  8723 | D:8      | Found a white marble altar of Elyvilon.
  8727 | D:8      | Found a glowing golden altar of the Shining One.
  8746 | D:8      | Found a bloodstained altar of Trog.
  8823 | D:8      | Noticed Psyche
  8830 | D:8      | Paralysed by Psyche for 7 turns
  8836 | D:8      | Killed Psyche
  8871 | D:8      | Noticed Maurice
  8893 | D:8      | Killed Maurice
  9008 | D:8      | namelastname112: привет дженкинс
  9218 | D:9      | Reached skill level 10 in Necromancy
  9479 | D:9      | Found a burning altar of Makhleb.
  9748 | D:9      | Reached ** piety under Kikubaaqudgha
  9999 | D:9      | Gained mutation: You are frail (-10% HP). [potion of mutation]
 10041 | D:10     | Entered Level 10 of the Dungeon
 10094 | D:10     | Learned a level 2 spell: Sublimation of Blood
 10315 | D:10     | Noticed Yehuk's ghost (journeyman DsMo)
 10337 | D:10     | Found a staircase to the Orcish Mines.
 10610 | D:10     | Noticed a gargoyle
 10641 | D:10     | HP: 1/114 [gargoyle/stone arrow (22)]
 10647 | D:10     | Killed a gargoyle
 10930 | D:10     | Noticed a centaur warrior
 10945 | D:10     | Killed a centaur warrior
 10945 | D:10     | Reached XP level 11. HP: 43/82 MP: 17/21
 11451 | D:11     | Noticed a hill giant
 11462 | D:11     | Killed a hill giant
 11572 | D:11     | Noticed a red ugly thing
 11575 | D:11     | Noticed a death knight
 11585 | D:11     | Killed a red ugly thing
 11778 | D:11     | Noticed a hill giant
 11779 | D:11     | Found a flickering gateway to a bazaar.
 11795 | D:11     | Killed a hill giant
 11797 | D:11     | Reached skill level 11 in Necromancy
 11816 | D:11     | Found a staircase to the Lair.
 11821 | Bazaar   | Entered a bazaar
 11850 | Bazaar   | Found Ficullol's Armour Shoppe.
 11865 | Bazaar   | Found Benaphud's Armour Shoppe.
 11880 | Bazaar   | Found Juenano's Gadget Shoppe.
 11880 | Bazaar   | Found Gutuam's Book Emporium.
 11939 | Bazaar   | Bought the +3 buckler of the Failed Coup {MR+ SInv} for 363 gold pieces
 12035 | D:11     | Gained mutation: You evolve. [potion of mutation]
 12295 | D:12     | Reached skill level 1 in Shields
 12655 | D:13     | Noticed a hill giant
 12670 | D:13     | Killed a hill giant
 12713 | D:13     | Reached *** piety under Kikubaaqudgha
 12713 | D:13     | Received a gift from Kikubaaqudgha
 12734 | D:13     | Identified Kikubaaqudgha's Compendium of Evil (Kikubaaqudgha gifted it to you on level 13 of the Dungeon)
 12741 | D:13     | Learned a level 5 spell: Dispel Undead
 13253 | D:12     | Noticed a cyan ugly thing
 13262 | D:12     | Killed a cyan ugly thing
 13266 | D:12     | Lost mutation: You are frail (-10% HP). [mutagenic meat]
 13273 | D:12     | Learned a level 2 spell: Blink
 13651 | D:11     | Killed a death knight
 13926 | D:11     | Found a one-way gate to the infinite horrors of the Abyss.
 13944 | D:11     | Noticed a red ugly thing
 13951 | D:11     | Killed a red ugly thing
 13951 | D:11     | Reached XP level 12. HP: 79/101 MP: 23/23
 14739 | D:13     | Noticed a sphinx
 14758 | D:13     | Killed a sphinx
 14758 | D:13     | Reached skill level 12 in Necromancy
 14967 | D:13     | Noticed a centaur warrior
 14977 | D:13     | Killed a centaur warrior
 15331 | D:14     | Noticed a vault guard
 15337 | D:14     | Learned a level 6 spell: Simulacrum
 15337 | D:14     | Noticed a vault guard
 15366 | D:13     | Killed a vault guard
 15366 | D:13     | Reached skill level 1 in Ice Magic
 15380 | D:14     | Noticed a vault guard
 15384 | D:14     | Noticed a vault guard
 15395 | D:13     | Killed a vault guard
 15414 | D:13     | Killed a vault guard
 15432 | D:13     | Killed a vault guard
 15569 | D:14     | Noticed a vault guard
 15595 | D:14     | Killed a vault guard
 15595 | D:14     | Reached skill level 10 in Long Blades
 15608 | D:14     | Found a gate to the Vaults.
 15617 | D:14     | Noticed a vault guard
 15628 | D:14     | Noticed an eight-headed hydra
 15651 | D:14     | Killed a vault guard
 15651 | D:14     | Reached XP level 13. HP: 77/110 MP: 12/25
 15682 | D:14     | UristPineapples: Шейпшифтеров можно подымать как замби?
 15686 | D:14     | UristPineapples: зомби
 15699 | D:14     | namelastname112: ща узнаем
 15707 | D:14     | namelastname112: ноуп
 15707 | D:14     | UristPineapples: Говноу.
 15855 | D:14     | Found a corrupted altar of Lugonu.
 15863 | D:14     | Identified Lugonu's Incunabulum of Darkness
 15865 | D:14     | Noticed a vault guard
 15865 | D:14     | namelastname112: лол
 15865 | D:14     | namelastname112: рандомный алтарь люськи
 15865 | D:14     | namelastname112: еще и с книгой
 15878 | D:14     | Killed a vault guard
 16046 | D:14     | Noticed a vault guard
 16288 | D:14     | Got a coiled pewter ring
 16289 | D:14     | Identified the ring of Xom's Wantonness {Int+3 Slay+6 SInv} (You took it off an orc on level 14 of the Dungeon)
 16290 | D:14     | namelastname112: ух
 16290 | D:14     | namelastname112: годнота
 16290 | D:14     | UristPineapples: Лакер
 16290 | D:14     | namelastname112: Лол
 16290 | D:14     | namelastname112: ты не видел
 16290 | D:14     | namelastname112: мой прошлый старт
 16290 | D:14     | namelastname112: нашел книгу анлайф на д2
 16290 | D:14     | namelastname112: и кольцо виз на д3
 16290 | D:14     | namelastname112: а потом гнолл решил сходить и ударить одновременно
 16290 | D:14     | namelastname112: и я сдох
 16391 | D:14     | Killed a vault guard
 16391 | D:14     | Reached **** piety under Kikubaaqudgha
 16945 | D:15     | Entered Level 15 of the Dungeon
 17062 | D:15     | Found a labyrinth entrance.
 17071 | Lab      | Entered a labyrinth
 17242 | Lab      | Reached skill level 5 in Ice Magic
 17601 | Lab      | Noticed a minotaur
 17816 | Lab      | Killed a minotaur
 17828 | Lab      | Identified First Steps in Sorcery
 18046 | D:15     | Reached skill level 10 in Fighting
 18301 | D:15     | Found a staircase to the Depths.
 18301 | D:15     | Noticed a fire giant
 18487 | Lair:1   | Entered Level 1 of the Lair of Beasts
 18511 | Lair:1   | Learned a level 1 spell: Apportation
 18571 | Lair:1   | Found a white marble altar of Elyvilon.
 19256 | Lair:2   | Got a twitching amber ring
 19295 | Lair:2   | Identified the ring "Leeclex" {Int+10 Dex+5} (You found it on level 2 of the Lair of Beasts)
 19298 | Lair:2   | jacquesderrida: спс намир
 19619 | Lair:2   | Reached ***** piety under Kikubaaqudgha
 20623 | Lair:4   | Reached skill level 13 in Necromancy
 21044 | Lair:4   | Reached XP level 14. HP: 120/121 MP: 27/27
 21141 | Lair:4   | Found a hole to the Spider Nest.
 22188 | Lair:5   | Found a staircase to the Shoals.
 22632 | Lair:6   | Found a frozen archway.
 22641 | IceCv    | Entered an ice cave
 22947 | IceCv    | Gained mutation: You are covered in fur (AC +1). [evolution]
 23391 | IceCv    | Found an ancient bone altar of Kikubaaqudgha.
 24119 | IceCv    | jacquesderrida: зах симуляторов в айс кейве...
 24253 | IceCv    | jacquesderrida: Все равно все неуязвимы для ледяных атак, а жизней нехуя нит...
 24931 | Lair:6   | Reached skill level 10 in Spellcasting
 25408 | Lair:7   | Found a staircase to the Slime Pits.
 25408 | Lair:7   | Found a viscous altar of Jiyva.
 25571 | Lair:7   | Found a stormy altar of Qazlal.
 25593 | Lair:7   | Killed an eldritch tentacle
 26052 | Lair:8   | Entered Level 8 of the Lair of Beasts
 26122 | Lair:8   | Reached skill level 14 in Necromancy
 26171 | Lair:8   | Reached ****** piety under Kikubaaqudgha
 26867 | Lair:8   | Reached XP level 15. HP: 116/129 MP: 16/29
 27853 | D:10     | Killed Yehuk's ghost
 27904 | Orc:1    | Entered Level 1 of the Orcish Mines
 28094 | Orc:1    | namelastname112: ну
 28094 | Orc:1    | namelastname112: бля
 28094 | Orc:1    | namelastname112: статую колотил
 28306 | Orc:1    | Found Watz's Jewellery Shoppe.
 28347 | Orc:1    | Noticed an orc warlord
 28517 | Orc:1    | Gained mutation: You are very weak. (Str -4) [a neqoxec]
 28530 | Orc:1    | Killed an orc warlord
 28875 | Orc:1    | Reached skill level 10 in Dodging
 29012 | Orc:2    | Entered Level 2 of the Orcish Mines
 29085 | Orc:2    | Noticed an orc warlord
 29095 | Orc:2    | Noticed Sonja
 29095 | Orc:2    | Killed an orc warlord
 29905 | Orc:2    | Killed Sonja
 30284 | Orc:2    | Found a staircase to the Elven Halls.
 30503 | Orc:2    | Found Beochyum's Distillery.
 30503 | Orc:2    | Found Acifuent's Book Shop.
 30504 | Orc:2    | Found Hiwnauwaets's Book Shop.
 30507 | Orc:2    | Found Kuviul Ilisch's Jewellery Boutique.
 30518 | Orc:2    | Reached skill level 15 in Necromancy
 30530 | Orc:2    | Bought a potion of lignification for 48 gold pieces
 30530 | Orc:2    | Bought a potion of heal wounds for 80 gold pieces
 30530 | Orc:2    | Bought a potion of heal wounds for 80 gold pieces
 30530 | Orc:2    | Bought a potion of heal wounds for 80 gold pieces
 30535 | Orc:2    | Bought a manual of Dodging for 1545 gold pieces
 30700 | Orc:2    | Noticed Josephine
 30708 | Orc:2    | Killed Josephine
 30729 | Orc:2    | epen: Имя
 30732 | Orc:2    | epen: А умирать не страшно?
 30734 | Orc:2    | namelastname112: блять
 30734 | Orc:2    | namelastname112: пиздец страшно
 30734 | Orc:2    | namelastname112: вон сан демон
 30734 | Orc:2    | namelastname112: ебать боюсь его
 30740 | Orc:2    | epen: а у тебя рф-
 30858 | Orc:2    | Gained mutation: You have large cloven feet. [evolution]
 30963 | Orc:2    | epen: а жак тут чё сидит?
 31237 | Shoals:1 | Entered Level 1 of the Shoals
 31268 | Shoals:1 | Found Boecluh's Weapon Boutique.
 31446 | Shoals:1 | Found Beal's Weapon Shop.
 31492 | Shoals:1 | epen: лол
 31524 | Shoals:1 | epen: годно топор называется
 31544 | Shoals:1 | epen: заепама
 31544 | Shoals:1 | namelastname112: жак отошел наверное
 31618 | Shoals:1 | Found Qumeij's Book Shop.
 31621 | Shoals:1 | Found Nigudell's Antique Armour Shoppe.
 31648 | Shoals:1 | Identified a scroll of acquirement
 31913 | Shoals:1 | Found Kejom's Jewellery Shoppe.
 31947 | Shoals:1 | namelastname112: ебать
 31947 | Shoals:1 | namelastname112: это кольцо
 31947 | Shoals:1 | epen: лол
 32151 | Shoals:2 | Noticed Polyphemus
 32169 | Shoals:2 | epen: А как же без мамы?
 32174 | Shoals:2 | Reached skill level 10 in Ice Magic
 32182 | Shoals:2 | epen: ??mother
 32182 | Shoals:2 | beem: I don't have a page labeled mother in my learndb.
 32182 | Shoals:2 | Killed Polyphemus
 32182 | Shoals:2 | Reached XP level 16. HP: 54/138 MP: 4/31
 32212 | Shoals:2 | namelastname112: опа
 32212 | Shoals:2 | epen: godno
 32212 | Shoals:2 | namelastname112: а вот и некрономикон завезли
 32212 | Shoals:2 | namelastname112: заебок
 32706 | Shoals:2 | Noticed Louise
 32735 | Shoals:2 | Killed Louise
 33756 | Shoals:4 | Entered Level 4 of the Shoals
 33880 | Shoals:4 | Found a runed door.
 33987 | Shoals:4 | Got a barnacled rune of Zot
 34294 | Shoals:4 | Noticed Ilsuiw
 34342 | Shoals:4 | Killed Ilsuiw
 34579 | Shoals:4 | Reached skill level 16 in Necromancy
 35674 | Elf:1    | Entered Level 1 of the Elven Halls
 36204 | Elf:1    | Gained mutation: You possess an exceptional clarity of mind. [evolution]
 36204 | Elf:1    | Lost mutation: You evolve. [end of evolution]
 36222 | Elf:1    | Reached XP level 17. HP: 147/147 MP: 23/32
 36536 | Elf:1    | Noticed a Brimstone Fiend
 36730 | Elf:2    | Noticed Roxanne
 36733 | Elf:2    | Found Guoteschoq's Assorted Antiques.
 36784 | Elf:2    | Bought a scroll of blinking for 262 gold pieces
 37409 | Elf:2    | Killed Roxanne
 37411 | Elf:2    | Identified Roxanne's Reference Book on Transmutation (You took it off Roxanne on level 2 of the Elven Halls)
 37674 | Elf:2    | Found a huge runed gate.
 37674 | Elf:2    | Found a huge runed gate.
 37686 | Elf:2    | Found a huge runed gate.
 38260 | Elf:3    | Entered Level 3 of the Elven Halls
 38431 | Elf:3    | Found Desuts's Book Shoppe.
 39011 | Elf:1    | Noticed a Hell Sentinel
 39930 | D:6      | Bought a scroll of acquirement for 572 gold pieces
 39931 | D:6      | Got a spiked cloak
 39942 | D:6      | Identified the -2 cloak "Wicixus" {rCorr Int-2 Dex+5} (You acquired it on level 6 of the Dungeon)
 40781 | Elf:3    | Noticed a deep elf master archer
 40790 | Elf:3    | Noticed a deep elf master archer
 40808 | Elf:3    | Shot with an arrow by a deep elf master archer

Vault maps used:
D:1:      dpeg_arrival_oval, minmay_misc_feat_nine_boxes
D:2:      hangedman_ru_absence, uniq_jessica
D:3:      gammafunk_temple_overflow_pools
D:4:      lemuel_crystal_altar, uniq_blork_the_orc, uniq_menkaure, uniq_pikel
D:5:      first_bread, lemuel_old_faithful
D:6:      serial_shops, nicolae_shop_stone, nicolae_shop_statue_plus,
          nicolae_shop_statue_plus, shop, nicolae_shop_window_shopping,
          basic_altar, minmay_fire_ice_demons, uniq_eustachio, uniq_sigmund,
          uniq_edmund
D:7:      lemuel_temple_firewalk, nicolae_ossuary_entry_catacombs,
          minmay_stone_trees_medium, the_bakery, dk_rats_in_the_wall
D:8:      lemuel_ice_spiral_2, minmay_overflow_temple_star_quad, special_room,
          uniq_erolcha, uniq_psyche, uniq_maurice
D:9:      lightli_temple_of_fire
D:10:     orc_0_dummy
D:11:     hangedman_cross_stitches, lair_0_dummy, serial_shops, bzr_entry_islet,
          lemuel_hellish_altar
D:12:     kennysheep_generic_room_7
D:13:     kennysheep_just_a_vault
D:14:     erik_vaults_2, minmay_misc_feat_chi, eino_jars, tgw_lugonu_bribe
D:15:     grunt_enter_depths_giant_problem, minmay_misc_feat_ornament,
          lab_entry_generic, stair_cage_wide, glass_columns_c
Temple:   oiseaux_autumnal_temple_12
Lair:1:   basic_altar, zaba_anthole, serial_bayou_shore_b,
          infiniplex_staircase_pool
Lair:3:   beast_lair_carwin_11, lemuel_fruit_fields
Lair:4:   spider_nest_entry_funnel_web, lemuel_fruit_fields, lemuel_fruit_tree
Lair:5:   minmay_shoals_entry_centaurs, grunt_megastairs_4
Lair:6:   portal_ice_cave_entry_pillars_02
Lair:7:   slime_altar_1, basic_altar, fungi_pond_lemuel, serial_bayou_pond_b
Lair:8:   hangedman_lair_tendril_chambers, hangedman_lair_caniforms_friends,
          guppyfry_lair_drakes
Shoals:1: serial_shops, nicolae_shop_behind_doors, nicolae_shop_statue_plus,
          nicolae_shop_trees, nicolae_shop_trees, shop
Shoals:2: uniq_polyphemus, uniq_louise
Shoals:4: shoals_end_grunt_ice, shoals_ilsuiw_alternative, lightli_airlock,
          uniq_ilsuiw
Orc:1:    serial_shops, nicolae_shop_waterfront, elf_legates
Orc:2:    st_orc_mages, nicolae_orc_damp_corner, uniq_sonja, uniq_josephine
Elf:1:    hangedman_staggered_hall, hangedman_elf_disciples, glass_columns_b
Elf:2:    serial_shops, shop_statue, uniq_roxanne
Elf:3:    nooodl_elf_gasket, serial_shops, shop
Lab:      labyrinth_watery, nicolae_lab_garden, nicolae_lab_diamond,
          labyrinth_lava_lair
Bazaar:   bazaar_short_row
Ossuary:  ossuary_due_small_catacomb
IceCv:    ice_cave_small_necro

Skill      XL: |  1  2  3  4  5  6  7  8  9 10 11 12 13 14 15 16 17 |
---------------+----------------------------------------------------+-----
Dodging        | 2 3 4 5 6 7 8 9 10 12 | 12.8
Fighting       | 1 2 3 4 5 6 7 8 9 10 11 12 13 | 13.4
Necromancy     | 5 6 7 8 9 10 11 12 13 14 15 16 | 16.8
Spellcasting   | 3 4 5 6 7 8 9 10 11 12 | 12.0
Long Blades    | 2 5 7 8 10 11 12 13 | 13.9
Shields        | 4 |  4.0
Ice Magic      | 3 6 7 10 11 12 | 12.8
Stealth        | |  1.7

Action                   |  1- 3 |  4- 6 |  7- 9 | 10-12 | 13-15 | 16-18 || total
-------------------------+-------+-------+-------+-------+-------+-------++-------
Melee: Dagger            |    28 |    63 |   116 |       |       |       ||   207
       Tailslap          |     2 |     5 |    55 |    86 |   187 |   110 ||   445
       Unarmed           |       |    14 |       |    12 |       |       ||    26
       Rapier            |       |       |   402 |   842 |   187 |       ||  1431
       Headbutt          |       |       |    35 |   126 |   294 |   152 ||   607
       Scimitar          |       |       |       |       |  1349 |   785 ||  2134
 Cast: Pain              |    62 |    84 |    66 |    42 |       |       ||   254
       Animate Skeleton  |    10 |     6 |    13 |    25 |    50 |    21 ||   125
       Vampiric Draining |       |     4 |    25 |    64 |    42 |    27 ||   162
       Regeneration      |       |     1 |     9 |    21 |    40 |    52 ||   123
       Animate Dead      |       |       |     5 |    15 |    85 |    34 ||   139
       Dispel Undead     |       |       |       |    14 |    58 |     6 ||    78
       Simulacrum        |       |       |       |       |    55 |    37 ||    92
       Sublimation of Bl |       |       |       |       |     5 |    12 ||    17
Invok: Receive Corpses   |       |       |       |     3 |    23 |    18 ||    44
Evoke: Wand              |       |     2 |     1 |    10 |     2 |     9 ||    24
       Deck              |       |       |       |       |    10 |     1 ||    11
  Use: Scroll            |     1 |     1 |       |    21 |    26 |     9 ||    58
       Potion            |       |     1 |       |     5 |       |     7 ||    13
 Stab: Sleeping          |       |       |     9 |     4 |     7 |     4 ||    24
       Distracted        |       |       |     1 |     4 |    22 |     7 ||    34
       Paralysed         |       |       |       |     3 |     1 |       ||     4
  Eat: Chunk             |     3 |    20 |    26 |    43 |    65 |    38 ||   195
       Royal jelly       |       |       |       |     2 |       |       ||     2
       Meat ration       |       |       |       |       |     1 |       ||     1
       Pizza             |       |       |       |       |     1 |       ||     1
Armor: Skin              |    20 |    36 |   186 |   323 |   397 |   169 ||  1131
Dodge: Dodged            |    21 |    47 |   294 |   627 |  1126 |   490 ||  2605
Block: Buckler           |       |       |       |    75 |   725 |   247 ||  1047
